 Dungeon Crawl Stone Soup version 0.28-a0-750-g7c675f85b1 (webtiles) character file.

Game seed: 32384975520363604

123 ytrimaz the Skirmisher (level 4, -8/38 HPs)
             Began as a Demonspawn Berserker on Oct 30, 2021.
             Was a Believer of Trog.
             Mangled by an ogre (17 damage)
             ... on level 4 of the Dungeon.
             The game lasted 00:06:43 (2938 turns).

ytrimaz the Skirmisher (Demonspawn Berserker)       Turns: 2938, Time: 00:06:44

Health: -8/38      AC: 23    Str: 18    XL:     4   Next: 79%
Magic:  4/4        EV:  6    Int:  9    God:    Trog [**....]
Gold:   646        SH:  0    Dex: 12    Spells: 3/3 levels left

rFire   . . .      SeeInvis .   e - +0 dagger (protect)
rCold   . . .      Faith    .   (no shield)
rNeg    + . .      Spirit   .   b - +1 plate armour of Apathy {rN+}
rPois   .          Reflect  .   (no helmet)
rElec   .          Harm     .   (no cloak)
rCorr   .          Rampage  .   i - +0 pair of gloves
Will    .....                   l - +0 pair of boots
Stlth   ..........              (no amulet)
HPRegen 0.12/turn               (no ring)
MPRegen 0.09/turn               (no ring)

@: under a protective aura, very slightly contaminated, invisible
A: thin metallic scales 1, powered by death 2
a: Renounce Religion, Berserk, Trog's Hand


You were on level 4 of the Dungeon.
You worshipped Trog.
Trog was pleased with you.
You visited 1 branch of the dungeon, and saw 4 of its levels.

You collected 1155 gold pieces.
You spent 509 gold pieces at shops.

Inventory:

Hand Weapons
 a - a +0 short sword
 e - a +0 dagger of protection (weapon)
Armour
 b - the +1 plate armour of Apathy (worn) {rN+}
   (You bought it in a shop on level 3 of the Dungeon)

   rN:        It protects you from negative energy.
 i - a +0 pair of gloves (worn)
 l - a +0 pair of boots (worn)
Scrolls
 m - 3 scrolls of noise {unknown}
 o - a scroll of brand weapon {unknown}
Potions
 c - a potion of invisibility
 d - 2 potions of haste {unknown}
 f - a potion of flight {unknown}
 g - a potion of attraction {unknown}
 h - 3 potions of magic {unknown}
 j - a potion of might {unknown}
 k - 3 potions of curing
 n - a potion of lignification {unknown}


   Skills:
 + Level 4.5 Fighting
 - Level 2.6 Short Blades
 * Level 2.3 Armour
 - Level 2.9 Dodging


You had 3 spell levels left.
You didn't know any spells.
Your spell library was empty.

Dungeon Overview and Level Annotations

Branches:
Dungeon (4/15)
 Temple: D:4-7

Altars:
Okawaru
Vehumet
Wu Jian

Shops:
D:3 [


Innate Abilities, Weirdness & Mutations

You are partially covered in thin metallic scales. (AC +2)
You regenerate health from kills.


Message History

The ogre moves out of view.
Found a stone staircase leading down.
An ogre is nearby!
An ogre is nearby!
The ogre hits you with a +0 giant spiked club!
Your plate armour of Apathy prevents you from hitting the ogre.
You hit the ogre but do no damage.
Your weapon exudes an aura of protection.
The ogre hits you but does no damage.
You hit the ogre but do no damage. The ogre closely misses you.
Unknown command.
You fade into invisibility!
The ogre barely misses you.
You are very lightly contaminated with residual magic.
You hit the ogre but do no damage. You hit the ogre but do no damage.
The ogre hits you but does no damage.
You completely miss the ogre.
The ogre hits you with a +0 giant spiked club.
You hit the ogre.
The ogre is lightly wounded.
You hit the ogre.
The ogre is lightly wounded.
The ogre closely misses you.
You catch the helpless ogre completely off-guard!
You hit the ogre.
The ogre is moderately wounded.
The ogre hits you with a +0 giant spiked club!
You hit the ogre.
The ogre is heavily wounded.
You hit the ogre.
The ogre is severely wounded.
The ogre completely misses you.
You hit the ogre but do no damage.
The ogre is severely wounded.
The ogre hits you with a +0 giant spiked club.
* * * LOW HITPOINT WARNING * * *
You hit the ogre.
The ogre is severely wounded.
The ogre hits you with a +0 giant spiked club!
You die...

.......................
######.................
##.###............ #.#
#............
#####............
#...............
#............
#####.#.###..
#....@.......
#....O.......
#####.#..##.. >.#..# .
..#..# #..# .# #..# .#
#...


You could see an ogre.

Vanquished Creatures
  A centaur zombie (D:3)
  3 adders
  2 dart slugs (D:3)
  3 orcs
  5 ball pythons
  3 bats (D:1)
  8 endoplasms
  2 giant cockroaches (D:3)
  A goblin (D:2)
  3 hobgoblins
  2 jackals (D:4)
  10 kobolds
  3 quokkas
  4 frilled lizards
  5 rats
55 creatures vanquished.

Notes
Turn   | Place    | Note
-------+----------+-------------------------------------------
     0 | D:1      | ytrimaz the Demonspawn Berserker began the quest for the
                  | Orb.
     0 | D:1      | Reached XP level 1. HP: 18/18 MP: 1/1
   273 | D:1      | Gained mutation: You regenerate a little health from kills.
                  | [demonic ancestry]
   273 | D:1      | Reached XP level 2. HP: 21/24 MP: 2/2
  1013 | D:2      | Reached ** piety under Trog
  1111 | D:2      | Gained mutation: You regenerate health from kills. [demonic
                  | ancestry]
  1111 | D:2      | Reached XP level 3. HP: 30/30 MP: 3/3
  1606 | D:3      | Found a radiant altar of Vehumet.
  1622 | D:3      | Reached skill level 4 in Fighting
  1792 | D:3      | Found an ornate altar of the Wu Jian Council.
  1909 | D:3      | Found an iron altar of Okawaru.
  1941 | D:3      | Gained mutation: You are partially covered in thin metallic
                  | scales. (AC +2) [demonic ancestry]
  1941 | D:3      | Reached XP level 4. HP: 37/37 MP: 4/4
  2045 | D:3      | Identified a scroll of acquirement
  2045 | D:3      | Acquired 973 gold pieces
  2261 | D:3      | Found Ziblughu's Armour Shoppe.
  2269 | D:3      | Bought the +1 plate armour of Apathy {rN+} for 509 gold
                  | pieces
  2921 | D:4      | Noticed an ogre
  2938 | D:4      | Mangled by an ogre

Illustrated notes

Levels and vault maps discovered:
D:1:      giann_horns, layout_basic, minmay_vboxes
D:2:      layout_basic
D:3:      layout_basic, nicolae_vehumet_altar_sigil, lemuel_tele_altar,
          okawaru_altar_gauntlet_db, serial_shops, shop,
          kennysheep_big_empty_room, saegor_snake_ambush
D:4:      layout_basic, mainiacjoe_overflow_two_lobes, serial_shops,
          shop_statue, hangedman_decor_diamond_cutter

Skill      XL: |  1  2  3 |
---------------+----------+-----
Dodging        | 2 |  2.9
Armour         | 2 |  2.3
Fighting       | 4 |  4.5
Short Blades   | |  2.6

Action                   |  1- 3 |  4- 6 || total
-------------------------+-------+-------++-------
Melee: Short sword       |    86 |       ||    86
       Dagger            |   108 |   127 ||   235
Invok: Berserk           |     3 |     1 ||     4
  Use: Scroll            |     4 |     2 ||     6
       Potion            |       |     1 ||     1
 Stab: Sleeping          |     4 |       ||     4
       Invisible         |       |     1 ||     1
Armor: Animal skin       |    21 |       ||    21
       Ring mail         |    46 |    24 ||    70
       Plate armour      |       |    62 ||    62
Dodge: Dodged            |   126 |    51 ||   177

Table legend: (Time is in decaauts)
 A = Elapsed time spent in this place.
 B = Non-inter-level travel time spent in this place.
 C = Inter-level travel time spent in this place.
 D = Time resting spent in this place.
 E = Time spent auto-exploring this place.
 F = Levels seen in this place.
 G = Mean time per level.
                   A        B        C        D        E       F      G
               +--------+--------+--------+--------+--------+-----+--------+
         Total |   2958 |   2906 |     52 |    207 |   1975 |   4 |  739.5 |
       Dungeon |   2958 |   2906 |     52 |    207 |   1975 |   4 |  739.5 |
               +--------+--------+--------+--------+--------+-----+--------+

Top non-repeatable levels by time:
     D:1: 901 daAuts
     D:3: 894 daAuts
     D:2: 698 daAuts
     D:4: 462 daAuts
